 Dungeon Crawl Stone Soup version 0.28-a0-723-g095bd1b44f (webtiles) character file.

Game seed: 11410613200384920032

543 ytrimaz the Grave Robber (level 7, 0/46 HPs)
             Began as a Demonspawn Necromancer on Oct 25, 2021.
             Was a Follower of Nemelex Xobeh.
             Succumbed to a scorpion's poison
             ... on level 4 of the Dungeon.
             The game lasted 00:06:25 (4527 turns).

ytrimaz the Grave Robber (Demonspawn Necromancer)   Turns: 4527, Time: 00:06:25

Health: 0/46       AC:  4    Str:  8 (9)  XL:     7   Next: 6%
Magic:  2/14       EV: 11    Int: 17 (18) God:    Nemelex Xobeh [*.....]
Gold:   106        SH:  0    Dex: 10 (13) Spells: 11/15 levels left

rFire   . . .      SeeInvis .   m - +4 short sword
rCold   . . .      Faith    .   (no shield)
rNeg    . . .      Spirit   .   f - +0 leather armour
rPois   .          Reflect  .   (no helmet)
rElec   .          Harm     .   (no cloak)
rCorr   .          Rampage  .   g - +0 pair of gloves
Will    .....                   (no boots)
Stlth   +.........              (no amulet)
HPRegen 0.15/turn               (no ring)
MPRegen 0.14/turn               (no ring)

@: mighty, brilliant, lethally poisoned (0 -> -9), invisible
A: foul stench 2, demonic touch 2
a: Renounce Religion, Draw Escape, Draw Destruction, Draw Summoning


You were on level 4 of the Dungeon.
You worshipped Nemelex Xobeh.
Nemelex Xobeh was aware of your devotion.
You visited 1 branch of the dungeon, and saw 4 of its levels.

You collected 106 gold pieces.

Inventory:

Hand Weapons
 e - a +0 dagger
 m - a +4 short sword (weapon)
Missiles
 a - a throwing net
Armour
 f - a +0 leather armour (worn)
 g - a +0 pair of gloves (worn)
Scrolls
 l - 2 scrolls of identify
Potions
 b - a potion of magic


   Skills:
 - Level 1.7 Dodging
 - Level 1.7 Stealth
 + Level 4.7 Spellcasting
 + Level 6.9 Necromancy
 * Level 3.7 Invocations


You had 11 spell levels left.
You knew the following spells:

 Your Spells              Type           Power      Damage    Failure   Level
a - Pain                  Necr           100%       1d9       1%          1
b - Vampiric Draining     Necr           20%        2d8       3%          3

Your spell library contained the following spells:

 Spells                   Type           Power      Damage    Failure   Level
 Animate Skeleton         Necr           82%        N/A       1%          1
 Animate Dead             Necr           20%        N/A       12%         4
 Agony                    Necr           41%        N/A       32%         5


Dungeon Overview and Level Annotations

Branches:
Dungeon (4/15)
 Temple: D:4-7

Altars:
Fedhas
Gozag
Nemelex Xobeh
Ru

Shops:
D:2 ((=(


Innate Abilities, Weirdness & Mutations

You sometimes emit foul miasma when damaged in melee.
Your touch may inflict irresistible damage on your foes.


Message History

The scorpion stings you.
* * * LOW HITPOINT WARNING * * *
Unknown command.
It was a potion of brilliance.
You feel clever all of a sudden.
You feel sick. The scorpion stings you.
* * * LOW HITPOINT WARNING * * *
It was a potion of curing.
You feel better. The scorpion barely misses you. The scorpion stings you!
* * * LOW HITPOINT WARNING * * *
You are lethally poisoned!
The scorpion poisons you!
You emit a cloud of foul miasma!
It was a potion of might.
You feel very mighty all of a sudden.
* * * LOW HITPOINT WARNING * * *
You feel very sick.
The scorpion is engulfed in dark miasma.
The scorpion is poisoned.
The scorpion seems to slow down.
The scorpion barely misses you.
You feel better.
The scorpion is engulfed in dark miasma.
The scorpion looks even sicker.
The scorpion stings you.
* * * LOW HITPOINT WARNING * * *
You are lethally poisoned!
The scorpion poisons you!
* * * LOW HITPOINT WARNING * * *
You feel very sick.
It was a potion of degeneration.
There was something very wrong with that liquid.
You feel weakened.
You feel dopey.
You feel clumsy.
* * * LOW HITPOINT WARNING * * *
You feel sick.
You kill the scorpion!
You have reached level 7!
Your demonic ancestry asserts itself...
Your foul stench grows more powerful.
It was a potion of invisibility.
You fade into invisibility!
You die...
Your body disappears without a glow.

#.........####.######
#........>'....# #.
#.........###### #.
##.######## #..#
##.#########
#.#.○.....#
#.#.#.#.#.
#.@.)......
###########


There were no monsters in sight!

Vanquished Creatures
  Sigmund (D:3)
  A centaur (D:4)
  2 scorpions (D:4)
  An orc wizard (D:4)
  8 gnolls
  2 adders
  A worm (D:2)
  A dart slug (D:1)
  4 orcs (D:4)
  3 endoplasms
  A giant cockroach (D:2)
  3 goblins
  9 hobgoblins
  2 jackals (D:1)
  3 quokkas
  5 ball pythons
  4 bats
  5 frilled lizards
  5 kobolds
  3 rats
64 creatures vanquished.

Vanquished Creatures (others)
  5 fungi (D:2)
5 creatures vanquished.

Grand Total: 69 creatures vanquished

Notes
Turn   | Place    | Note
-------+----------+-------------------------------------------
     0 | D:1      | ytrimaz the Demonspawn Necromancer began the quest for the
                  | Orb.
     0 | D:1      | Reached XP level 1. HP: 13/13 MP: 3/3
   491 | D:1      | Gained mutation: Your touch may inflict minor irresistible
                  | damage on your foes. [demonic ancestry]
   491 | D:1      | Reached XP level 2. HP: 18/19 MP: 3/5
   736 | D:1      | Reached skill level 5 in Necromancy
  1168 | D:2      | Found a sparkling altar of Nemelex Xobeh.
  1201 | D:2      | Became a worshipper of Nemelex Xobeh the Trickster
  1208 | D:2      | Found Dutsoh's Weapon Boutique.
  1343 | D:2      | Gained mutation: You may rarely emit foul miasma when
                  | damaged in melee. [demonic ancestry]
  1343 | D:2      | Reached XP level 3. HP: 23/24 MP: 4/6
  1391 | D:2      | Found Zeasusirgh's Antique Weapon Emporium.
  1501 | D:2      | Found Quatasegak's Weapon Shoppe.
  1585 | D:2      | Learned a level 3 spell: Vampiric Draining
  1695 | D:2      | Found Cugg's Jewellery Emporium.
  2298 | D:2      | Reached * piety under Nemelex Xobeh
  2298 | D:2      | Received a gift from Nemelex Xobeh
  2553 | D:2      | Reached skill level 1 in Invocations
  2606 | D:2      | Reached XP level 4. HP: 24/30 MP: 2/8
  3059 | D:2      | Found a faded altar of an unknown god.
  3154 | D:3      | Noticed Sigmund
  3167 | D:3      | Killed Sigmund
  3168 | D:3      | Reached skill level 6 in Necromancy
  3168 | D:3      | Gained mutation: Your touch may inflict irresistible damage
                  | on your foes. [demonic ancestry]
  3168 | D:3      | Reached XP level 5. HP: 25/35 MP: 8/10
  3836 | D:3      | Found a sacrificial altar of Ru.
  3839 | D:3      | Found an opulent altar of Gozag.
  3844 | D:3      | Found a blossoming altar of Fedhas.
  3965 | D:4      | Reached XP level 6. HP: 36/41 MP: 6/11
  4523 | D:4      | HP: 2/41 [poisoned by a scorpion]
  4527 | D:4      | Gained mutation: You sometimes emit foul miasma when
                  | damaged in melee. [demonic ancestry]
  4527 | D:4      | Reached XP level 7. HP: 2/46 MP: 2/14
  4527 | D:4      | Succumbed to a scorpion's poison

Illustrated notes

Levels and vault maps discovered:
D:1:      dpeg_arrival_rhombus, layout_loops_ring, patterned_corridor
D:2:      layout_basic, basic_altar, shapermc_ecumenical_altar_hornbeckon,
          serial_shops, shop, nicolae_shop_waterfront, shop,
          nicolae_shop_crystal
D:3:      layout_loops_ring, grunt_temple_overflow_diamond, uniq_sigmund
D:4:      gammafunk_wand_slinger, layout_basic, interstate_on_off,
          hangedman_minor_gate_pass

Skill      XL: |  1  2  3  4  5  6 |
---------------+-------------------+-----
Necromancy     | 5 6 |  6.9
Invocations    | 1 2 3 |  3.7
Spellcasting   | 3 4 |  4.7
Dodging        | |  1.7
Stealth        | |  1.7

Action                   |  1- 3 |  4- 6 |  7- 9 || total
-------------------------+-------+-------+-------++-------
Melee: Dagger            |     4 |     5 |       ||     9
       Touch             |     1 |     3 |       ||     4
       Short sword       |       |     9 |       ||     9
 Cast: Pain              |    66 |    46 |       ||   112
       Vampiric Draining |     2 |     9 |       ||    11
Invok: Draw Destruction  |     1 |     4 |       ||     5
  Use: Scroll            |     3 |     2 |       ||     5
       Potion            |       |     7 |     1 ||     8
Armor: Leather armour    |     3 |     6 |       ||     9
Dodge: Dodged            |    17 |    19 |       ||    36

Table legend: (Time is in decaauts)
 A = Elapsed time spent in this place.
 B = Non-inter-level travel time spent in this place.
 C = Inter-level travel time spent in this place.
 D = Time resting spent in this place.
 E = Time spent auto-exploring this place.
 F = Levels seen in this place.
 G = Mean time per level.
                   A        B        C        D        E       F      G
               +--------+--------+--------+--------+--------+-----+--------+
         Total |   4532 |   4415 |    117 |    741 |   3129 |   4 | 1133.0 |
       Dungeon |   4532 |   4415 |    117 |    741 |   3129 |   4 | 1133.0 |
               +--------+--------+--------+--------+--------+-----+--------+

Top non-repeatable levels by time:
     D:1: 1675 daAuts
     D:2: 1425 daAuts
     D:3: 862 daAuts
     D:4: 569 daAuts
